 Dungeon Crawl Stone Soup version 0.32-a0-900-g30fb1b0edc (webtiles) character file.

Game seed: 9538060813811165267

11151 Biggs the Skirmisher (level 11, -14/87 HPs)
             Began as a Coglin Hunter on Apr 5, 2024.
             Was a High Priest of Okawaru.
             Demolished by a polar bear (15 damage)
             ... on level 1 of the Lair of Beasts.
             The game lasted 00:13:32 (9213 turns).

Biggs the Skirmisher (Coglin Hunter)                Turns: 9213, Time: 00:13:33

Health: -14/87     AC:  7    Str: 11    XL:     11   Next: 73%
Magic:  11/11      EV: 15    Int:  9    God:    Okawaru [*****.]
Gold:   698        SH:  0    Dex: 22    Spells: 10/10 levels left

rFire   . . .        a - +2 sling {Suphaphon}
rCold   . . .        d - +0 sling {Zorawar}
rNeg    . . .        D - +1 troll leather armour
rPois   .            (no helmet)
rElec   .            s - +2 cloak
rCorr   .            (no gloves)
SInv    .            (no boots)
Will    .....        (amulet unavailable)
Stlth   ++           (ring unavailable)
HPRegen 1.14/turn    (ring unavailable)
MPRegen 0.12/turn    (no gizmo)

%: no passive effects
@: marked, revving
A: off-hand wielding, slow wielding, warmup strikes, no jewellery
a: Invent Gizmo, Renounce Religion, Heroism, Finesse, Duel


You were on level 1 of the Lair of Beasts.
You worshipped Okawaru.
Okawaru was extremely pleased with you.
You visited 3 branches of the dungeon, and saw 13 of its levels.

You collected 828 gold pieces.
You spent 130 gold pieces at shops.

Inventory:

Hand Weapons
 a - a +2 sling (weapon) {Suphaphon}
 d - a +0 sling (offhand) {Zorawar}
Armour
 c - a +0 leather armour
 h - +0 steam dragon scales
 s - a +2 cloak (worn)
 D - a +1 troll leather armour (worn)
Wands
 p - a wand of flame (27)
 v - a wand of charming (9)
 C - a wand of light (4)
Scrolls
 b - 2 scrolls of butterflies
 f - 3 scrolls of noise
 i - 3 scrolls of teleportation
 k - 2 scrolls of vulnerability
 l - 6 scrolls of poison
 m - 2 scrolls of enchant armour
 n - a scroll of amnesia {unknown}
 q - 3 scrolls of identify
 w - a scroll of immolation {unknown}
 y - a scroll of fear {unknown}
 A - 2 scrolls of revelation {unknown}
 B - 2 scrolls of blinking {unknown}
 E - a scroll of enchant weapon {unknown}
Potions
 e - a potion of attraction {unknown}
 g - 3 potions of haste {unknown}
 j - 4 potions of mutation {unknown}
 o - 2 potions of berserk rage
 r - 2 potions of curing
 t - 2 potions of cancellation {unknown}
 u - a potion of lignification {unknown}
 x - a potion of might {unknown}
 z - 2 potions of magic {unknown}


   Skills:
 + Level 8.9 Fighting
 - Level 14.0 Ranged Weapons
 - Level 6.1 Dodging
 - Level 0.7 Stealth


You had 10 spell levels left.
You didn't know any spells.
Your spell library contained the following spells:

 Spells                   Type           Power      Damage    Failure   Level
 Ensorcelled Hibernation  Hex/Ice        0%         N/A       63%         2
 Scorch                   Fire           0%         2d5       63%         2
 Fugue of the Fallen      Necr           0%         N/A       85%         3
 Anguish                  Hex/Necr       0%         N/A       99%         4
 Brom's Barrelling Bould  Conj/Erth      0%         2d3       99%         4
 Flame Wave               Conj/Fire      0%         2d4       99%         4
 Fireball                 Conj/Fire      0%         3d3       100%        5
 Iskenderun's Battlesphe  Conj           0%         2d6       100%        5
 Conjure Ball Lightning   Conj/Air       0%         3x3d6     100%        6
 Orb of Destruction       Conj           0%         9d5       100%        7
 Summon Cactus Giant      Summ           Unusable   N/A       N/A         6

Dungeon Overview and Level Annotations

Branches:
Dungeon (10/15)            Temple (1/1) D:7            Lair (2/5) D:8
 Shoals (0/4) Lair:2
  Snake: Lair:2-3    Spider: Lair:2-3       Orc: D:9-12

Altars:
Ashenzari
Cheibriados
Dithmenos
Elyvilon
Fedhas
Gozag
Hepliaklqana
Kikubaaqudgha
Makhleb
Nemelex Xobeh
Okawaru
Qazlal
Ru
Sif Muna
Trog
Uskayaw
Vehumet
Wu Jian
Xom
Yredelemnul
Zin
The Shining One

Shops:
D:3 !   D:4 =

Annotations:
D:3 1 runed translucent door, Crazy Yiuf
D:10 Snorg
Lair:1 1 runed translucent door, ratmeat3's ghost, novice OpFi


Innate Abilities, Weirdness & Mutations

You can wield a second weapon in your off-hand.
It takes a long time for you to wield or remove held weapons.
Your first few attacks do less damage.
You cannot equip rings or amulets.


Message History

A cane toad and a polar bear come into view.
The wolf closely misses you. The wolf attacks as it pursues you!
The wolf closely misses you. The wolf misses you.
The wolf bites you but does no damage. The black mamba barely misses you.
The bullfrog releases a deep croak.
The wolf bites you but does no damage.
The black mamba attacks as it pursues you!
The black mamba bites you. The wolf barely misses you.
The black mamba bites you!
A yak comes into view.
The polar bear misses you. The polar bear claws you. x2
A bullfrog comes into view.
The wolf attacks as it pursues you! The wolf barely misses you.
The black mamba bites you!
* * * LOW HITPOINT WARNING * * *
The polar bear misses you. The polar bear barely misses you.
The polar bear claws you but does no damage.
The wolf barely misses you.
There is an escape hatch in the ceiling, spattered with blood here.
The black mamba closely misses you. The wolf closely misses you. x2
The polar bear barely misses you. The polar bear claws you.
* * * LOW HITPOINT WARNING * * *
The polar bear claws you.
* * * LOW HITPOINT WARNING * * *
The black mamba bites you!
* * * LOW HITPOINT WARNING * * *
The wolf bites you.
* * * LOW HITPOINT WARNING * * *
A mysterious force pulls you upwards. The hatch slams shut behind you.
Level annotation: 1 runed translucent door, ratmeat3's ghost, novice OpFi Unknown command.
Okay, then.
Okay, then.
As you read the scroll labelled QUJIHA BOE, it crumbles to dust.
It is a scroll of enchant armour.
Your +0 troll leather armour glows green for a moment.
The black mamba barely misses you. The wolf bites you.
* * * LOW HITPOINT WARNING * * *
The polar bear bites you!
You die...

..#...#....## #...........
..##+#.....## #######..#P#.#....
....).......####..#.##.#######...
.......................## #...
..#..#+^#..##'#######...# #...
..#......#.#........#..## #...
..#......#.#........#..# #...
..#......#.#...S....#..#######...
.........#.#...h@h...............
.........#.#........#............
..#........#.##.###.#........##..
..#......#.................####.(
.........#......########...# #...
..##.#.#.#......## #...###P..
................P# #....###..
...######P###...## #...## #..
#..# ### #...# ##...# #..


You could see a polar bear, a black mamba and a wolf.

Vanquished Creatures
  Maurice (D:7)
  4 cane toads
  2 rime drakes
  5 komodo dragons
  Grinder (D:6)
  3 hornets
  A shadow (D:9)
  3 wyverns
  2 basilisks
  8 yaks
  4 steam dragons
  Menkaure (D:7)
  An acid dragon (D:8)
  7 water moccasins
  An orc warrior (D:7)
  3 black bears
  2 ice beasts
  A hornet zombie (D:6)
  3 centaurs
  4 wolves (Lair:2)
  3 phantoms (D:6)
  2 kobold brigands
  A wyvern zombie (D:6)
  A scorpion (D:5)
  10 bullfrogs
  2 gnoll sergeants (D:8)
  2 water moccasin zombies (D:6)
  5 wights (D:9)
  A bombardier beetle (D:4)
  A centaur zombie (D:6)
  2 bullfrog zombies (D:6)
  2 hounds
  3 orc priests
  A bullfrog skeleton (D:6)
  3 jellies
  A sleepcap (D:5)
  6 orc wizards
  13 gnolls
  5 adders
  A white imp (D:8)
  4 dart slugs
  5 ribbon worms
  24 orcs
  4 ball pythons
  6 bats
  8 endoplasms
  2 giant cockroaches
  2 goblins
  9 hobgoblins
  7 jackals
  3 quokkas
  A frilled lizard (D:3)
  17 kobolds
  3 rats
217 creatures vanquished.

Notes
Turn   | Place    | Note
-------+----------+-------------------------------------------
     0 | D:1      | Biggs the Coglin Hunter began the quest for the Orb.
     0 | D:1      | Reached XP level 1. HP: 16/16 MP: 1/1
    20 | D:1      | Reached skill level 4 in Ranged Weapons
    20 | D:1      | Reached XP level 2. HP: 22/22 MP: 2/2
   151 | D:1      | Reached XP level 3. HP: 27/27 MP: 3/3
   428 | D:2      | Reached skill level 5 in Ranged Weapons
   428 | D:2      | Reached XP level 4. HP: 33/33 MP: 4/4
  1464 | D:3      | Found a glowing golden altar of the Shining One.
  1509 | D:3      | Found a radiant altar of Vehumet.
  1615 | D:3      | Found Hogoczas's Distillery.
  1623 | D:3      | Bought a potion of heal wounds for 50 gold pieces
  1623 | D:3      | Bought a potion of curing for 30 gold pieces
  1623 | D:3      | Bought a potion of berserk rage for 50 gold pieces
  1861 | D:3      | Found a runed translucent door.
  1862 | D:3      | Noticed Crazy Yiuf
  2107 | D:4      | Reached XP level 5. HP: 35/38 MP: 5/5
  2201 | D:4      | Reached skill level 6 in Ranged Weapons
  2296 | D:4      | Found Tayhuga's Jewellery Boutique.
  2746 | D:5      | Entered Level 5 of the Dungeon
  2777 | D:5      | Reached XP level 6. HP: 44/44 MP: 6/6
  2956 | D:5      | Noticed a black bear
  2962 | D:5      | Killed a black bear
  2963 | D:5      | Reached skill level 7 in Ranged Weapons
  2965 | D:5      | Reached XP level 7. HP: 47/50 MP: 7/7
  3039 | D:5      | Found a stormy altar of Qazlal.
  3455 | D:6      | Reached skill level 8 in Ranged Weapons
  3627 | D:6      | Noticed Grinder
  3645 | D:6      | Killed Grinder
  3646 | D:6      | Reached skill level 9 in Ranged Weapons
  3646 | D:6      | Reached XP level 8. HP: 30/57 MP: 8/8
  3935 | D:6      | Reached skill level 5 in Fighting
  4432 | D:6      | Reached skill level 5 in Dodging
  4432 | D:6      | Reached XP level 9. HP: 68/68 MP: 9/9
  4749 | D:7      | Found a staircase to the Ecumenical Temple.
  4778 | Temple   | Entered the Ecumenical Temple
  4782 | Temple   | Became a worshipper of Warmaster Okawaru
  5102 | D:7      | Noticed Menkaure
  5109 | D:7      | Killed Menkaure
  5429 | D:7      | Identified the +0 leather armour of Recklessness {rPois rF+
                  | Will+ Slay+2}
  5450 | D:7      | Noticed a hornet
  5460 | D:7      | Killed a hornet
  5460 | D:7      | Reached * piety under Okawaru
  5461 | D:7      | Reached skill level 10 in Ranged Weapons
  5643 | D:7      | Noticed Maurice
  5706 | D:7      | Maurice stole 168 gold
  5710 | D:7      | Killed Maurice
  5711 | D:7      | Reached skill level 11 in Ranged Weapons
  5711 | D:7      | Reached XP level 10. HP: 25/74 MP: 6/10
  6449 | D:8      | Reached ** piety under Okawaru
  6649 | D:8      | Found a burning altar of Makhleb.
  6777 | D:8      | Found a broken altar of Ashenzari.
  6886 | D:8      | Reached skill level 12 in Ranged Weapons
  6933 | D:8      | Reached *** piety under Okawaru
  7001 | D:8      | Found a staircase to the Lair.
  7153 | Lair:1   | Entered Level 1 of the Lair of Beasts
  7162 | Lair:1   | Noticed a cane toad
  7167 | Lair:1   | Noticed a cane toad
  7178 | D:8      | HP: 2/74 [cane toad (22)]
  7295 | D:8      | Killed a cane toad
  7413 | D:8      | Killed a cane toad
  7414 | D:8      | Reached skill level 13 in Ranged Weapons
  7545 | Lair:1   | Reached **** piety under Okawaru
  7546 | Lair:1   | Reached XP level 11. HP: 79/79 MP: 11/11
  7642 | Lair:1   | Found a runed translucent door.
  7643 | Lair:1   | Noticed ratmeat3's ghost (novice OpFi)
  7912 | Lair:1   | Reached skill level 14 in Ranged Weapons
  8469 | D:9      | Reached ***** piety under Okawaru
  8689 | D:10     | Entered Level 10 of the Dungeon
  8689 | D:10     | Noticed Snorg
  8995 | Lair:2   | Found a staircase to the Shoals.
  9117 | Lair:2   | Received a gift from Okawaru
  9211 | Lair:2   | HP: 4/87 [black mamba (15)]
  9211 | Lair:2   | HP: 1/87 [wolf (3)]
  9213 | Lair:1   | Demolished by a polar bear

Illustrated notes

Levels and vault maps discovered:
D:1:      eino_arrival_water_cross, layout_basic
D:2:      layout_loops_ring
D:3:      layout_loops_corners, vehumet_altar_wand_db,
          nicolae_overflow_crystal_walls, serial_shops, shop, nicolae_wormholes,
          uniq_crazy_yiuf_cottage
D:4:      layout_loops_ring, serial_shops, shop
D:5:      layout_loops_ring, mainiacjoe_overflow_six_doors_small
D:6:      layout_basic, serial_undead, serial_undead_c, serial_undead_c,
          serial_undead_b, serial_undead_a, serial_undead_b, serial_undead_c,
          serial_undead_b, uniq_grinder
D:7:      mumra_celtic_spiral_tile, layout_basic, minmay_temple_entry_tees,
          uniq_menkaure, uniq_maurice
D:8:      layout_rooms, mainiacjoe_overflow_big_doors, erik_lair_dragon
D:9:      layout_rooms
D:10:     layout_loops_ring, uniq_snorg, uniq_lodul
Temple:   sentei_temple_godly_chess
Lair:1:   layout_chaotic_city, gammafunk_ghost_grave, serial_bayou_shore_b,
          serial_bayou_shore_a
Lair:2:   layout_concentric_octagons, shoals_dummy_entry, beast_lair_carwin_10,
          infiniplex_staircase_pool_2

Skill      XL: |  1  2  3  4  5  6  7  8  9 10 11 |
---------------+----------------------------------+-----
Ranged Weapons | 4 5 6 7 9 11 13 14 | 14.0
Fighting       | 5 8 |  8.9
Dodging        | 5 6 |  6.1
Stealth        | |  0.7

Action                     |  1- 3 |  4- 6 |  7- 9 | 10-12 || total
---------------------------+-------+-------+-------+-------++-------
  Melee: Sling             |       |       |     6 |       ||     6
   Fire: Sling             |   122 |   318 |   598 |   888 ||  1926
    Use: Scroll            |       |       |     4 |     2 ||     6
         Potion            |       |       |       |     3 ||     3
 Armour: Leather armour    |     9 |    38 |    55 |       ||   102
         Steam dragon scal |       |       |    58 |       ||    58
         Troll leather arm |       |       |       |   126 ||   126
  Dodge: Dodged            |    13 |    37 |   100 |   143 ||   293

Table legend: (Time is in decaauts)
 A = Elapsed time spent in this place.
 B = Non-inter-level travel time spent in this place.
 C = Inter-level travel time spent in this place.
 D = Time resting spent in this place.
 E = Time spent auto-exploring this place.
 F = Levels seen in this place.
 G = Mean time per level.
                   A        B        C        D        E       F      G
               +--------+--------+--------+--------+--------+-----+--------+
         Total |   9174 |   8453 |    721 |    178 |   6801 |  13 |  705.7 |
       Dungeon |   8081 |   7390 |    691 |    136 |   6006 |  10 |  808.1 |
        Temple |      8 |      5 |      3 |      0 |      0 |   1 |    8.0 |
          Lair |   1084 |   1057 |     27 |     42 |    795 |   2 |  542.0 |
               +--------+--------+--------+--------+--------+-----+--------+

Top non-repeatable levels by time:
     D:7: 1668 daAuts
     D:6: 1143 daAuts
     D:8: 1126 daAuts
     D:3: 956 daAuts
     D:5: 861 daAuts
  Lair:1: 762 daAuts
     D:4: 748 daAuts
     D:2: 659 daAuts
     D:9: 453 daAuts
     D:1: 414 daAuts
  Lair:2: 322 daAuts
    D:10: 48 daAuts
  Temple: 8 daAuts
